 Dungeon Crawl Stone Soup version 0.29-a0-520-gc852659d43 (webtiles) character file.

Game seed: 7683001349291404579

672 Hubjo the Firebug (level 7, -3/40 HPs)
             Began as a Deep Elf Fire Elementalist on May 31, 2022.
             Was an Initiate of the Shining One.
             Slain by a black bear (7 damage)
             ... on level 5 of the Dungeon.
             The game lasted 00:09:51 (6809 turns).

Hubjo the Firebug (Deep Elf Fire Elementalist)      Turns: 6809, Time: 00:09:54

Health: -3/40      AC:  2    Str:  3    XL:     7   Next: 32%
Magic:  15/17      EV: 13    Int: 22    God:    the Shining One [......]
Gold:   190        SH:  0    Dex: 15    Spells: 12/17 levels left

rFire   . . .      SeeInvis .   b - +3 scythe (venom)
rCold   . . .      Faith    .   (shield currently unavailable)
rNeg    . . .      Spirit   .   a - +0 robe
rPois   .          Reflect  .   (no helmet)
rElec   .          Harm     .   (no cloak)
rCorr   .          Rampage  .   (no gloves)
Will    .....                   (no boots)
Stlth   +.........              (no amulet)
HPRegen 0.13/turn               (no ring)
MPRegen 0.15/turn               (no ring)

@: glowing
A: weak 1
a: Renounce Religion


You were on level 5 of the Dungeon.
You worshipped the Shining One.
The Shining One was noncommittal.
You visited 2 branches of the dungeon, and saw 6 of its levels.

You collected 190 gold pieces.

Inventory:

Hand Weapons
 b - a +3 scythe of venom (weapon)
 j - a +2 mace of holy wrath
Armour
 a - a +0 robe (worn)
Jewellery
 f - a ring of protection from fire
Wands
 d - a wand of polymorph (9)
Scrolls
 c - a scroll of magic mapping
 e - a scroll of brand weapon {unknown}
 g - 2 scrolls of poison {unknown}
 i - a scroll of enchant weapon
 n - 2 scrolls of amnesia {unknown}
 o - a scroll of vulnerability
 p - 2 scrolls of immolation {unknown}
 q - a scroll of summoning
 r - 2 scrolls of fog
 s - a scroll of identify
Potions
 h - a potion of curing
 k - 2 potions of flight {unknown}
 l - a potion of degeneration {unknown}
 m - a potion of magic


   Skills:
 + Level 2.4 Fighting
 - Level 3.7 Dodging
 - Level 4.7 Stealth
 + Level 5.5 Spellcasting
 - Level 2.6 Conjurations
 * Level 5.7 Fire Magic


You had 12 spell levels left.
You knew the following spells:

 Your Spells              Type           Power      Damage    Failure   Level
a - Foxfire               Conj/Fire      96%        2x1d8     1%          1
b - Flame Wave            Conj/Fire      24%        2d7       17%         4

Your spell library contained the following spells:

 Spells                   Type           Power      Damage    Failure   Level
 Scorch                   Fire           62%        2d8       1%          2
 Conjure Flame            Conj/Fire      24%        6-21      4%          3
 Inner Flame              Hex/Fire       18%        N/A       9%          3
 Apportation              Tloc           12%        N/A       10%         1
 Necrotize                Necr           24%        1d5       10%         1
 Sandblast                Erth           12%        2d6       10%         1
 Summon Small Mammal      Summ           24%        N/A       10%         1
 Ensorcelled Hibernation  Hex/Ice        12%        N/A       14%         2
 Passwall                 Tmut/Erth      5%         N/A       14%         2
 Stone Arrow              Conj/Erth      22%        3d8       17%         3
 Spider Form              Tmut/Pois      6%         N/A       28%         3
 Anguish                  Hex/Necr       3%         N/A       67%         4


Dungeon Overview and Level Annotations

Branches:
Dungeon (5/15)             Temple (1/1) D:4

Altars:
Ashenzari
Cheibriados
Elyvilon
Fedhas
Gozag
Kikubaaqudgha
Nemelex Xobeh
Okawaru
Qazlal
Ru
Trog
Uskayaw
Wu Jian
Xom
Yredelemnul
The Shining One

Shops:
D:3 [

Annotations:
D:5 1 runed translucent door, xian's ghost, novice HuGl


Innate Abilities, Weirdness & Mutations

You are weak. (Str -2)


Message History

A black bear is nearby!
A black bear is nearby!
A black bear is nearby!
A black bear is nearby!
You conjure some foxfire!
The black bear closely misses you. The black bear claws you.
The black bear claws you but does no damage.
You conjure some foxfire!
The foxfire hits the black bear!
The black bear is moderately wounded.
The black bear bites you. The black bear misses you.
The black bear barely misses you.
You conjure some foxfire!
The black bear bites you! The black bear claws you. x2
There is not enough space to conjure foxfire!
The foxfire hits the black bear.
The black bear is moderately wounded.
The black bear bites you! The black bear claws you. x2
You are too injured to fight recklessly!
The black bear closely misses you. x2; The black bear claws you.
* * * LOW HITPOINT WARNING * * *
It was a potion of curing.
You feel better.
The black bear bites you but does no damage.
The black bear claws you. x2
You barely miss the black bear.
The black bear is moderately wounded.
The black bear bites you.
* * * LOW HITPOINT WARNING * * *
The black bear misses you.
The black bear claws you but does no damage.
The black bear misses you.
The black bear claws you but does no damage.
The black bear claws you.
* * * LOW HITPOINT WARNING * * *
You hit the black bear.
The black bear is poisoned.
The black bear is heavily wounded.
The black bear bites you.
* * * LOW HITPOINT WARNING * * *
The black bear claws you.
* * * LOW HITPOINT WARNING * * *
The black bear misses you. The black bear bites you!
You die...

.## #..### .## #....
#### ..###...# .#..
......#.### ....#
ยง.........# ....#
.##.#.#...+ .....#
......#...## #...#
...........##
###h..#
............###.@..#
............[...##.#
^.............### #
.............##
.............#
#.####.......# ..#
#......... ##
##........
##.##.#...


You could see a black bear (very poisoned).

Vanquished Creatures
  Sigmund (D:2)
  A black bear (D:4)
  An ogre (D:5)
  Blork the orc (D:4)
  2 hounds (D:5)
  Terence (D:3)
  An iguana (D:5)
  An orc wizard (D:5)
  3 gnolls (D:4)
  Robin (D:3)
  An adder (D:3)
  2 worms
  A dart slug (D:1)
  9 orcs
  4 endoplasms
  7 giant cockroaches
  11 goblins
  6 hobgoblins (D:3)
  7 jackals (D:3)
  A quokka (D:2)
  6 ball pythons
  2 bats
  A frilled lizard (D:3)
  4 kobolds
  6 rats
81 creatures vanquished.

Vanquished Creatures (collateral kills)
  7 foxfires (D:3)
7 creatures vanquished.

Vanquished Creatures (others)
  697 foxfires
  3 fungi (D:3)
  5 plants (D:3)
705 creatures vanquished.

Grand Total: 793 creatures vanquished

Notes
Turn   | Place    | Note
-------+----------+-------------------------------------------
     0 | D:1      | Hubjo the Deep Elf Fire Elementalist began the quest for
                  | the Orb.
     0 | D:1      | Reached XP level 1. HP: 10/10 MP: 6/6
   901 | D:1      | Reached XP level 2. HP: 15/15 MP: 2/8
  1887 | D:2      | Noticed Sigmund
  1901 | D:2      | Killed Sigmund
  1902 | D:2      | Reached XP level 3. HP: 2/19 MP: 4/10
  1902 | D:2      | Reached XP level 4. HP: 3/24 MP: 4/12
  1902 | D:2      | Reached XP level 5. HP: 3/28 MP: 4/13
  3139 | D:3      | Noticed Terence
  3143 | D:3      | Gained mutation: You are weak. (Str -2) [potion of
                  | mutation]
  3147 | D:3      | Killed Terence
  3487 | D:3      | Noticed Robin
  3491 | D:3      | Killed Robin
  3888 | D:3      | Found a faded altar of an unknown god.
  3941 | D:3      | Reached skill level 1 in Fighting
  4624 | D:3      | Found Qebroez's Antique Armour Boutique.
  4784 | D:3      | Reached XP level 6. HP: 29/34 MP: 9/15
  5175 | D:4      | Noticed Blork the orc
  5183 | D:4      | Killed Blork the orc
  5184 | D:4      | Reached skill level 5 in Spellcasting
  5352 | D:4      | Found a staircase to the Ecumenical Temple.
  5387 | D:4      | Reached skill level 5 in Fire Magic
  5635 | Temple   | Entered the Ecumenical Temple
  5841 | Temple   | Became a worshipper of the Shining One
  5953 | D:4      | Found a white marble altar of Elyvilon.
  6280 | D:5      | Entered Level 5 of the Dungeon
  6288 | D:5      | Found a sacrificial altar of Ru.
  6379 | D:5      | Reached XP level 7. HP: 40/40 MP: 11/16
  6464 | D:5      | Learned a level 4 spell: Flame Wave
  6557 | D:5      | Found a stormy altar of Qazlal.
  6560 | D:5      | Found a sparkling altar of Nemelex Xobeh.
  6560 | D:5      | Found a basalt altar of Yredelemnul.
  6561 | D:5      | Found a blossoming altar of Fedhas.
  6706 | D:5      | Found a runed translucent door.
  6709 | D:5      | Noticed xian's ghost (novice HuGl)
  6809 | D:5      | Slain by a black bear

Illustrated notes

Levels and vault maps discovered:
D:1:      minmay_arrival_arboretum_small, layout_rooms, minmay_misc_feat_pillars
D:2:      layout_basic, uniq_sigmund
D:3:      layout_loops_ring, shapermc_ecumenical_altar_mp_urbaneastern,
          serial_shops, shop, grunt_decor_arrowhead, minmay_vboxes,
          uniq_terence, uniq_robin
D:4:      layout_rooms, nicolae_overflow_crystal_walls,
          minmay_temple_entry_gardened_gates, uniq_blork_the_orc
D:5:      layout_rooms, grunt_temple_overflow_lords_of_destruction,
          nicolae_ru_sacrificial_ziggurat, grunt_temple_overflow_open,
          mainiacjoe_overflow_catwalk, ebering_ghost_reflecting_pool,
          nrook_mini_vaults
Temple:   compressed_dpeg_circular_temple

Skill      XL: |  1  2  3  4  5  6 |
---------------+-------------------+-----
Dodging        | 3 |  3.7
Stealth        | 3 4 |  4.7
Spellcasting   | 4 5 |  5.5
Conjurations   | 2 |  2.6
Fire Magic     | 4 5 |  5.7
Fighting       | 1 2 |  2.4

Action                   |  1- 3 |  4- 6 |  7- 9 || total
-------------------------+-------+-------+-------++-------
Melee: Scythe            |       |     6 |     2 ||     8
 Cast: Foxfire           |   139 |   237 |    44 ||   420
  Use: Scroll            |     1 |     9 |       ||    10
       Potion            |     1 |     3 |     1 ||     5
Armor: Robe              |       |     2 |     4 ||     6
Dodge: Dodged            |     5 |    17 |    12 ||    34

Table legend: (Time is in decaauts)
 A = Elapsed time spent in this place.
 B = Non-inter-level travel time spent in this place.
 C = Inter-level travel time spent in this place.
 D = Time resting spent in this place.
 E = Time spent auto-exploring this place.
 F = Levels seen in this place.
 G = Mean time per level.
                   A        B        C        D        E       F      G
               +--------+--------+--------+--------+--------+-----+--------+
         Total |   6795 |   6718 |     77 |      0 |   5835 |   6 | 1132.5 |
       Dungeon |   6555 |   6478 |     77 |      0 |   5769 |   5 | 1311.0 |
        Temple |    240 |    240 |      0 |      0 |     66 |   1 |  240.0 |
               +--------+--------+--------+--------+--------+-----+--------+

Top non-repeatable levels by time:
     D:3: 2100 daAuts
     D:2: 1570 daAuts
     D:1: 1487 daAuts
     D:4: 867 daAuts
     D:5: 529 daAuts
  Temple: 240 daAuts
